 Dungeon Crawl Stone Soup version 0.19.1 (webtiles) character file.

410 Ladykiller69 the Chopper (level 7, -11/54 HPs)
             Began as a Formicid Fighter on Nov 25, 2016.
             Mangled by Menkaure (18 damage)
             ... on level 4 of the Dungeon.
             The game lasted 00:05:34 (2433 turns).

Ladykiller69 the Chopper (Formicid Fighter)         Turns: 2433, Time: 00:05:35

Health: -11/54     AC: 12    Str: 21    XL:     7   Next: 13%
Magic:  7/7        EV:  6    Int:  9    God:
Gold:   240        SH: 10    Dex: 10    Spells: 0 memorised, 6 levels left

rFire  . . .     SeeInvis +     a - +0 war axe
rCold  . . .     Gourm    .     A - +0 storm dragon scales
rNeg   . . .     Faith    .     c - +0 shield
rPois  .         Spirit   .     (helmet unavailable)
rElec  +         Reflect  .     (no cloak)
rCorr  .         Harm     .     (no gloves)
MR     .....                    q - +0 pair of boots
Stlth  ..........               (no amulet)
                                (no ring)
                                (no ring)

@: no status effects
A: permanent stasis, dig shafts and tunnels, four strong arms, antennae 3
a: Dig, Shaft Self


You were on level 4 of the Dungeon.
You were not hungry.

You visited 1 branch of the dungeon, and saw 4 of its levels.

You collected 240 gold pieces.

Inventory:

Hand Weapons
 a - a +0 war axe (weapon)
 x - a +3 hand axe
Missiles
 l - 182 stones
 z - 4 tomahawks (quivered)
Armour
 b - a +0 scale mail
 c - a +0 shield (worn)
 q - a +0 pair of boots (worn)
 A - +0 storm dragon scales (worn)
Jewellery
 n - an uncursed ring of positive energy {unknown}
 r - an uncursed ring of protection from fire {unknown}
 C - an uncursed ring of poison resistance {unknown}
Wands
 y - a wand of polymorph (6/24)
Scrolls
 e - a scroll of remove curse {unknown}
 j - 2 scrolls of identify {unknown}
 o - 2 scrolls of random uselessness {unknown}
 v - 3 scrolls of amnesia {unknown}
 w - a scroll of teleportation {unknown}
 D - 3 scrolls of enchant armour {unknown}
Potions
 d - a potion of might
 i - 5 potions of curing
 k - 2 potions of agility
 m - 2 potions of flight {unknown}
 p - a potion of brilliance {unknown}
 s - 2 potions of heal wounds {unknown}
 t - a potion of invisibility {unknown}
 u - a potion of cancellation {unknown}
 B - 2 potions of degeneration {unknown}
Comestibles
 f - 4 bread rations
 g - a royal jelly
 h - a meat ration


   Skills:
 - Level 4.1 Fighting
 * Level 5.6 Axes
 - Level 4.0 Armour
 + Level 5.2 Shields


You had 6 spell levels left.
You didn't know any spells.

Dungeon Overview and Level Annotations

Branches:
Dungeon (4/15)
 Temple: D:4-7

Altars:
Dithmenos

Annotations:
D:4 Menkaure


Innate Abilities, Weirdness & Mutations

You are under a permanent stasis effect.
You can dig through walls and to a lower floor.
Your four strong arms can wield two-handed weapons with a shield.
You have a pair of large antennae on your head. (SInv)


Message History

You block Menkaure's attack.
You hit Menkaure but do no damage.
Menkaure is lightly damaged.
Menkaure hits you!
You slash Menkaure!
Menkaure is moderately damaged.
Menkaure gestures at you while chanting.
Pain shoots through your body!
You barely miss Menkaure.
Menkaure is moderately damaged.
Menkaure hits you!
You slash Menkaure!
Menkaure is severely damaged.
Menkaure casts a spell at you. Pain shoots through your body!
* * * LOW HITPOINT WARNING * * *
Your storm dragon scales prevents you from hitting Menkaure.
Menkaure is severely damaged.
Menkaure hits you!!
You die...

#############.#...
#..).............#
{
#.)######.#.##...#
#####. #..# #M##.#
# .... #..# ##@#>#
######..# #..###
###M. ........#
#....# ## #..<#
##.#.# ##...###
#.#.# #.......
#.#.# #.......
#.#.# ####..#.###
#.#.# #....##.#
#.#.# #.##.##.#


You could see Menkaure.

Vanquished Creatures
  A two-headed ogre (D:4)
  Terence (D:2)
  Natasha (twice) (D:2)
  Robin (D:2)
  4 adders
  An ooze (D:3)
  2 dart slugs (D:1)
  2 leopard geckos
  2 orcs (D:3)
  A ball python (D:2)
  5 bats
  6 giant cockroaches
  16 goblins
  13 hobgoblins
  2 jackals (D:2)
  5 kobolds
  A quokka (D:4)
  9 frilled lizards
  7 rats
81 creatures vanquished.

Notes
Turn   | Place    | Note
-------+----------+-------------------------------------------
     0 | D:1      | Ladykiller69 the Formicid Fighter began the quest for the Orb.
     0 | D:1      | Reached XP level 1. HP: 18/18 MP: 1/1
    56 | D:1      | Reached XP level 2. HP: 21/24 MP: 2/2
   345 | D:1      | Reached XP level 3. HP: 28/29 MP: 3/3
   845 | D:2      | Noticed Terence
   857 | D:2      | Killed Terence
   857 | D:2      | Reached XP level 4. HP: 32/37 MP: 4/4
   882 | D:2      | Noticed Robin
   891 | D:2      | Killed Robin
  1000 | D:2      | Noticed Natasha
  1012 | D:2      | You fall through a shaft for 2 floors!
  1205 | D:3      | Reached XP level 5. HP: 42/42 MP: 5/5
  1444 | D:3      | Found a shadowy altar of Dithmenos.
  1765 | D:2      | Killed Natasha
  1779 | D:2      | Noticed Natasha
  1795 | D:2      | Killed Natasha
  1795 | D:2      | Reached XP level 6. HP: 42/48 MP: 6/6
  2350 | D:4      | Noticed a two-headed ogre
  2357 | D:4      | Killed a two-headed ogre
  2357 | D:4      | Reached skill level 5 in Axes
  2357 | D:4      | Reached skill level 5 in Shields
  2357 | D:4      | Reached XP level 7. HP: 34/54 MP: 7/7
  2420 | D:4      | Noticed Menkaure
  2433 | D:4      | Mangled by Menkaure

Skill      XL: |  1  2  3  4  5  6 |
---------------+-------------------+-----
Axes           | 3 4 5 |  5.6
Shields        | 4 5 |  5.2
Fighting       | 4 |  4.1
Armour         | 4 |  4.0

Action                   |  1- 3 |  4- 6 |  7- 9 || total
-------------------------+-------+-------+-------++-------
Melee: War axe           |    93 |   151 |     9 ||   253
Throw: Tomahawk          |       |     4 |       ||     4
 Abil: Dig               |     1 |     2 |     1 ||     4
       Shaft Self        |       |     1 |       ||     1
  Use: Potion            |       |     1 |       ||     1
  Eat: Chunk             |       |     5 |     1 ||     6
Armor: Scale mail        |    42 |    57 |       ||    99
       Storm dragon scal |       |    38 |     1 ||    39
Dodge: Dodged            |    18 |    58 |       ||    76
Block: Shield            |    50 |    94 |     3 ||   147
